 Dungeon Crawl Stone Soup version 0.27-a0-1180-g7fc4abc71e (webtiles) character file.

Game seed: 2209279170629465901

764 DasRunzen the Ducker (level 7, -3/64 HPs)
             Began as a Demigod Gladiator on May 17, 2021.
             Shot with an arrow by a centaur (9 damage)
             ... on level 5 of the Dungeon.
             The game lasted 00:11:06 (4780 turns).

DasRunzen the Ducker (Demigod Gladiator)            Turns: 4780, Time: 00:11:07

Health: -3/64      AC:  7    Str: 15    XL:     7   Next: 26%
Magic:  9/9        EV: 16    Int: 18    God:
Gold:   148        SH:  0    Dex: 21    Spells: 6/6 levels left

rFire    . . .     SeeInvis .   a - +0 long sword
rCold    . . .     Faith    .   (no shield)
rNeg     . . .     Spirit   .   b - +0 leather armour
rPois    .         Reflect  .   c - +0 helmet
rElec    .         Harm     .   (no cloak)
rCorr    .         Rampage  .   m - +0 pair of gloves
Will     .....                  n - +0 pair of boots
Stlth    ++........             (no amulet)
HPRegen  0.20/turn              i - +6 ring of dexterity
MPRegen  0.11/turn              (no ring)

@: no status effects
A: high mp 1, forlorn
a: no special abilities


You were on level 5 of the Dungeon.
You visited 1 branch of the dungeon, and saw 5 of its levels.

You collected 148 gold pieces.

Inventory:

Hand Weapons
 a - a +0 long sword (weapon)
Missiles
 d - 2 throwing nets (quivered)
 s - 2 poisoned darts
Armour
 b - a +0 leather armour (worn)
 c - a +0 helmet (worn)
 m - a +0 pair of gloves (worn)
 n - a +0 pair of boots (worn)
Jewellery
 i - a +6 ring of dexterity (left hand)
 p - an amulet of faith
 v - a ring of flight
Wands
 g - a wand of charming (4)
 r - a wand of polymorph (8)
Scrolls
 t - a scroll of amnesia
Potions
 e - a potion of haste
 h - a potion of mutation {unknown}
 j - a potion of brilliance {unknown}
 k - 2 potions of lignification {unknown}
 l - a potion of might {unknown}
 o - 2 potions of curing {unknown}
 q - a potion of heal wounds {unknown}
 w - 2 potions of flight {unknown}


   Skills:
 + Level 6.7 Fighting
 + Level 7.0 Long Blades
 - Level 1.7 Throwing
 + Level 6.3 Armour
 + Level 7.0 Dodging


You had 6 spell levels left.
You didn't know any spells.
Your spell library contained the following spells:

 Spells                   Type           Power      Damage    Failure   Level
 Sandblast                Erth           0%         2d4       26%         1
 Passwall                 Tmut/Erth      0%         N/A       36%         2
 Stone Arrow              Conj/Erth      0%         3d7       61%         3
 Petrify                  Tmut/Erth      0%         N/A       95%         4
 Lee's Rapid Deconstruct  Erth           0%         3d5*      100%        5


Dungeon Overview and Level Annotations

Branches:
Dungeon (5/15)             Temple (0/1) D:5


Innate Abilities, Weirdness & Mutations

Your attributes grow dramatically as you level up.
You have an increased reservoir of magic. (+10% MP)
You shall have no god before yourself.


Message History

No target in view!
No target in view!
A centaur comes into view.
The centaur shouts!
The centaur wields a +0 shortbow.
The centaur shoots an arrow.
The arrow hits you.
A centaur comes into view.
The centaur shoots an arrow.
The arrow hits you!
The centaur shouts!
The centaur shoots an arrow.
The arrow hits you.
The centaur shoots an arrow.
The arrow closely misses you.
A scorpion comes into view.
The centaur wields a +0 shortbow.
The centaur shoots an arrow.
The arrow hits you.
The centaur shoots an arrow.
The arrow closely misses you.
The scorpion moves out of view.
The centaur shoots an arrow.
The arrow hits you.
The centaur unwields a +0 shortbow.
The centaur barely misses you.
You riposte.
Your leather armour prevents you from hitting the centaur.
The centaur kicks you but does no damage.
The centaur shoots an arrow.
The arrow hits you.
You closely miss the centaur.
The centaur shoots an arrow.
The arrow hits you. The centaur misses you. The centaur completely misses you.
You hit the centaur.
The centaur is lightly wounded.
The centaur shoots an arrow.
The arrow hits you! The centaur hits you.
The centaur kicks you but does no damage.
The centaur shoots an arrow.
The arrow hits you!
* * * LOW HITPOINT WARNING * * *
The centaur misses you. x2
The centaur barely misses you.
You riposte.
You hit the centaur but do no damage.
The centaur is lightly wounded.
The centaur barely misses you.
You see here a +0 robe.
The centaur barely misses you. x2
The centaur shoots an arrow.
The arrow hits you!
* * * LOW HITPOINT WARNING * * *
The centaur wields a +0 shortbow.
The centaur shoots an arrow.
The arrow hits you!
You die...

........##
..###....#######..
..................
#########.########
........#.# ...
##.####.#.# #.#
)#.#....#.# #.#
.#.#.####.####.#.#
.#.#...........#@#
##.#############.#######
...............ccs......
...>...#..####..........
.........## #..........
..#####...# ####...###.
..#...###.###... .#...#
..#.<.†.###...>. .....#
..#...†......... .......


You could see 2 centaurs and a scorpion.

Vanquished Creatures
  A water moccasin skeleton (D:5)
  An orc priest (D:4)
  A hound (D:5)
  An iguana (D:4)
  Jessica (D:2)
  A bullfrog skeleton (D:4)
  Robin (D:2)
  9 adders
  An adder skeleton (D:5)
  A dart slug (D:4)
  2 worms
  13 orcs
  3 bats
  5 endoplasms
  5 giant cockroaches
  13 goblins
  6 hobgoblins
  14 jackals
  3 quokkas
  6 ball pythons
  2 frilled lizards (D:1)
  7 kobolds
  7 rats
104 creatures vanquished.

Notes
Turn   | Place    | Note
-------+----------+-------------------------------------------
     0 | D:1      | DasRunzen the Demigod Gladiator began the quest for the
                  | Orb.
     0 | D:1      | Reached XP level 1. HP: 17/17 MP: 3/3
   417 | D:1      | Reached XP level 2. HP: 24/24 MP: 4/4
  1163 | D:2      | Reached skill level 1 in Armour
  1445 | D:2      | Noticed Jessica
  1451 | D:2      | Killed Jessica
  1452 | D:2      | Reached XP level 3. HP: 30/30 MP: 5/5
  1503 | D:2      | Identified the +1 helmet "Laufa" {rF+ Int+3}
  1503 | D:2      | Noticed Robin
  1514 | D:2      | Killed Robin
  1517 | D:2      | Reached XP level 4. HP: 24/37 MP: 6/6
  3205 | D:4      | Reached XP level 5. HP: 39/42 MP: 7/7
  4401 | D:5      | Entered Level 5 of the Dungeon
  4432 | D:5      | Found a staircase to the Ecumenical Temple.
  4460 | D:5      | Reached XP level 6. HP: 47/51 MP: 8/8
  4619 | D:5      | Reached XP level 7. HP: 64/64 MP: 9/9
  4780 | D:5      | Shot with an arrow by a centaur

Illustrated notes

Levels and vault maps discovered:
D:1:      mrwooster_arrival_arrow, layout_basic,
          shapermc_ecumenical_altar_mp_vishouse
D:2:      layout_loops_cross, nrook_loot_triangle, minivault_26, uniq_robin,
          uniq_jessica
D:3:      layout_loops_cross, general_overflow_altar, kennysheep_minor_cross
D:4:      layout_basic, kennysheep_mini_moat, grunt_ministairs_14,
          chequers_serial_rivers_large_a
D:5:      layout_rooms, minmay_temple_entry_antechambers, chequers_garden,
          roderic_lattice_a, minmay_crystal_room, grunt_ministairs_12

Skill      XL: |  1  2  3  4  5  6 |
---------------+-------------------+-----
Fighting       | 2 3 6 |  6.7
Long Blades    | 3 4 7 |  7.0
Dodging        | 3 7 |  7.0
Armour         | 1 2 6 |  6.3
Throwing       | |  1.7

Action                   |  1- 3 |  4- 6 |  7- 9 || total
-------------------------+-------+-------+-------++-------
Melee: Long sword        |    80 |   159 |    16 ||   255
Throw: Dart              |       |     3 |       ||     3
       Throwing net      |       |     2 |       ||     2
  Use: Scroll            |     3 |     5 |       ||     8
       Potion            |       |     1 |       ||     1
 Stab: Sleeping          |     2 |     5 |       ||     7
Armor: Leather armour    |    35 |    53 |     7 ||    95
Dodge: Dodged            |    61 |   132 |    21 ||   214
       Rpst.: Long sword |    22 |    43 |     5 ||    70

Table legend: (Time is in decaauts)
 A = Elapsed time spent in this place.
 B = Non-inter-level travel time spent in this place.
 C = Inter-level travel time spent in this place.
 D = Time resting spent in this place.
 E = Time spent auto-exploring this place.
 F = Levels seen in this place.
 G = Mean time per level.
                   A        B        C        D        E       F      G
               +--------+--------+--------+--------+--------+-----+--------+
         Total |   4845 |   4749 |     96 |    325 |   3676 |   5 |  969.0 |
       Dungeon |   4845 |   4749 |     96 |    325 |   3676 |   5 |  969.0 |
               +--------+--------+--------+--------+--------+-----+--------+

Top non-repeatable levels by time:
     D:4: 1231 daAuts
     D:3: 1209 daAuts
     D:1: 1115 daAuts
     D:2: 904 daAuts
     D:5: 384 daAuts
